APP
JOHNSON CITY CARDINALS @ OGDEN RAPTORS
09/27/2044
 
TOP OF THE 1ST
Johnson City Cardinals batting - Pitching for Ogden Raptors : RHP Ian Wilson
Pitching: RHP Ian Wilson
Batting: RHB Fortunato Fteira 0-0: Called Strike
0-1: Ball
1-1: Called Strike
1-2: Strikes out swinging
Batting: RHB Tim Cleary 0-0: SINGLE (Flyball, 8RS, EV 95.0 MPH)
Batting: RHB Pat Scaturro 0-0: Ball
Tim Cleary is caught stealing 2nd base 2-4
1-0: Called Strike
1-1: Ball
2-1: SINGLE (Line Drive, 6D, EV 100.6 MPH)
Batting: RHB Josh Broome 0-0: Ball
1-0: Called Strike
1-1: Ball
2-1: Foul Ball, location: 2F
2-2: DOUBLE (Line Drive, 89XD, EV 97.5 MPH)
Pat Scaturro to third
Runner from 3rd tries for Home, SAFE, throw by CF to trailing runner, SAFE at third!
Batting: RHB Vic Nelson 0-0: Ball
1-0: Called Strike
1-1: Ground out 5-3 (Groundball, 56, EV 103.8 MPH)
Top of the 1st over - 1 run, 3 hits, 0 errors, 1 left on base; Johnson City 1 - Ogden 0
BOTTOM OF THE 1ST
Ogden Raptors batting - Pitching for Johnson City Cardinals : RHP Danny Cook
Pitching: RHP Danny Cook
Batting: SHB Darius Vinson 0-0: Foul Ball, location: 2F
0-1: Ball
1-1: Swinging Strike
1-2: SINGLE (Flyball, 89S, EV 90.6 MPH)
Batting: LHB Santiago Chavira 0-0: Ball
1-0: Called Strike
1-1: Ball
2-1: Swinging Strike
2-2: Ball
3-2: Base on Balls
Darius Vinson to second
Batting: LHB Mitchell Casey 0-0: Called Strike
0-1: Swinging Strike
0-2: Ball
1-2: Strikes out swinging
Batting: LHB Mike Dickinson 0-0: Ball
1-0: Ball
Wild Pitch!
Darius Vinson to third
Santiago Chavira to second
2-0: Foul Ball, location: 2F
2-1: Ball
3-1: Foul Ball, location: 2F
3-2: Ground out U3 (Groundball, 34S, EV 64.4 MPH)
Darius Vinson scores
Santiago Chavira to third
Batting: LHB Tore Bosch 0-0: Called Strike
0-1: Ball
1-1: Called Strike
1-2: Ball
Wild Pitch!
Santiago Chavira scores
2-2: Ground out 5-3 (Groundball, 56, EV 92.5 MPH)
Bottom of the 1st over - 2 runs, 1 hit, 0 errors, 0 left on base; Johnson City 1 - Ogden 2
TOP OF THE 2ND
Johnson City Cardinals batting - Pitching for Ogden Raptors : RHP Ian Wilson
Batting: RHB Brad Payne 0-0: Called Strike
0-1: Ball
1-1: SINGLE (Flyball, 89S, EV 90.6 MPH)
Pitching: RHP Victor Delgado
Batting: RHB Austin Akers 0-0: Foul Ball, location: 2F
0-1: Ball
1-1: Ball
2-1: Ball
3-1: Called Strike
3-2: Base on Balls
Brad Payne to second
Batting: RHB Ray Souza 0-0: Ball
1-0: Ball
2-0: Called Strike
2-1: Swinging Strike
2-2: SINGLE (Groundball, 34D, EV 100.0 MPH)
Brad Payne to third
Austin Akers to second
Pitching: RHP Ramon Luna
Batting: RHB Kyle Burns 0-0: DOUBLE (Line Drive, 8LXD, EV 105.0 MPH)
Brad Payne scores
Austin Akers scores
Ray Souza to third
Runner from 3rd tries for Home, SAFE, throw by CF to home
Batting: RHB Fortunato Fteira 0-0: Called Strike
0-1: Swinging Strike
0-2: Ball
1-2: Ball
2-2: Foul Ball, location: 2F
2-2: Ball
3-2: Base on Balls
Batting: RHB Tim Cleary 0-0: Fly out, F8 (Flyball, 8LM, EV 90.0 MPH)
Batting: RHB Pat Scaturro 0-0: SINGLE (Groundball, 6M, EV 110.6 MPH) (infield hit)
Kyle Burns to third
Fortunato Fteira to second
Batting: RHB Josh Broome 0-0: Ball
1-0: Called Strike
1-1: Fly out, F7 (Flyball, 78S, EV 93.8 MPH)
Batting: RHB Vic Nelson 0-0: Ball
1-0: Ball
2-0: Called Strike
2-1: SINGLE (Line Drive, 4D, EV 96.2 MPH)
Kyle Burns scores
Fortunato Fteira to third
Pat Scaturro to second
Batting: RHB Brad Payne 0-0: Ball
1-0: Ball
2-0: Ball
3-0: Base on Balls
Fortunato Fteira scores
Pat Scaturro to third
Vic Nelson to second
Pitching: RHP Cory Fischer
Batting: RHB Austin Akers 0-0: Called Strike
0-1: Swinging Strike
0-2: Ball
1-2: Strikes out swinging
Top of the 2nd over - 5 runs, 5 hits, 0 errors, 3 left on base; Johnson City 6 - Ogden 2
BOTTOM OF THE 2ND
Ogden Raptors batting - Pitching for Johnson City Cardinals : RHP Danny Cook
Batting: RHB Luis Hinostroza 0-0: Called Strike
0-1: Swinging Strike
0-2: Strikes out swinging
Batting: RHB Junro Kato 0-0: Called Strike
0-1: Ball
1-1: Foul Ball, location: 2F
1-2: Ball
2-2: Foul Ball, location: 2F
2-2: Ball
3-2: Foul Ball, location: 2F
3-2: Foul Ball, location: 2F
3-2: Strikes out looking
Batting: RHB Matt Alderson 0-0: SOLO HOME RUN (Flyball, 78XD, EV 113.8 MPH), Distance : 441 ft
Batting: SHB Josh Vaill 0-0: Ball
1-0: Ball
2-0: Swinging Strike
2-1: Ball
3-1: Swinging Strike
3-2: Strikes out looking
Bottom of the 2nd over - 1 run, 1 hit, 0 errors, 0 left on base; Johnson City 6 - Ogden 3
TOP OF THE 3RD
Johnson City Cardinals batting - Pitching for Ogden Raptors : RHP Cory Fischer
Batting: RHB Ray Souza 0-0: Called Strike
0-1: Ball
1-1: Called Strike
1-2: Ball
2-2: Strikes out swinging
Batting: RHB Kyle Burns 0-0: Called Strike
0-1: Fly out, F9 (Line Drive, 9D, EV 96.9 MPH)
Batting: RHB Fortunato Fteira 0-0: Ball
1-0: Ball
2-0: Ball
3-0: Base on Balls
Batting: RHB Tim Cleary 0-0: Ball
Fortunato Fteira steals 2nd base
1-0: Ball
2-0: Ball
3-0: Called Strike
3-1: Called Strike
3-2: Base on Balls
Pitching: RHP Charles Durand
Batting: RHB Pat Scaturro 0-0: Ball
1-0: Called Strike
1-1: Foul Ball, location: 2F
1-2: Ball
2-2: Foul Ball, location: 2F
2-2: DOUBLE (Line Drive, 7LD, EV 102.5 MPH)
Fortunato Fteira scores
Tim Cleary to third
Runner from 3rd tries for Home, SAFE, no throw by LF
Batting: RHB Josh Broome 0-0: Swinging Strike
0-1: Ball
1-1: Ball
2-1: Foul Ball, location: 2F
2-2: Foul Ball, location: 2F
2-2: Foul Ball, location: 2F
2-2: Ball
3-2: SINGLE (Line Drive, 7LM, EV 101.2 MPH)
Pat Scaturro to third
Runner from 3rd tries for Home, SAFE, throw by LF to home
Josh Broome to second
Batting: RHB Vic Nelson 0-0: Ball
1-0: Foul Ball, location: 2F
1-1: SINGLE (Line Drive, 9S, EV 89.4 MPH)
Josh Broome to third
Runner from 3rd tries for Home, SAFE, throw by RF to home
Vic Nelson to second
Batting: RHB Brad Payne 0-0: Ball
1-0: Foul Ball, location: 2F
1-1: Ball
2-1: Swinging Strike
2-2: DOUBLE (Flyball, 89XD, EV 101.9 MPH)
Vic Nelson scores
Pitching: RHP Justin Donovan
Batting: RHB Austin Akers 0-0: TRIPLE (Flyball, 89XD, EV 100.6 MPH)
Brad Payne scores
Batting: RHB Ray Souza 0-0: Ball
1-0: Ball
2-0: SINGLE (Line Drive, 3D, EV 99.4 MPH)
Austin Akers scores
Pitching: RHP Nick Vigh
Batting: RHB Kyle Burns 0-0: Foul Ball, location: 2F
0-1: Ball
1-1: Ball
2-1: Foul Ball, location: 2F
2-2: Ball
3-2: Foul Ball, location: 2F
3-2: Foul Ball, location: 2F
3-2: Hit by Pitch
Ray Souza to second
Batting: RHB Fortunato Fteira 0-0: Ball
1-0: Ball
2-0: Ball
3-0: Base on Balls
Ray Souza to third
Kyle Burns to second
Batting: RHB Tim Cleary 0-0: Ball
1-0: Swinging Strike
1-1: Fly out, F9 (Line Drive, 9, EV 92.5 MPH)
Top of the 3rd over - 7 runs, 6 hits, 0 errors, 3 left on base; Johnson City 13 - Ogden 3
BOTTOM OF THE 3RD
Ogden Raptors batting - Pitching for Johnson City Cardinals : RHP Danny Cook
Batting: SHB Darius Vinson 0-0: Called Strike
0-1: Foul Ball, location: 2F
0-2: Fly out, F9 (Line Drive, 9D, EV 90.6 MPH)
Batting: LHB Santiago Chavira 0-0: Ground out 6-3 (Groundball, 6, EV 83.8 MPH)
Batting: LHB Mitchell Casey 0-0: Called Strike
0-1: Ground out 4-3 (Groundball, 4, EV 90.0 MPH)
Bottom of the 3rd over - 0 runs, 0 hits, 0 errors, 0 left on base; Johnson City 13 - Ogden 3
TOP OF THE 4TH
Johnson City Cardinals batting - Pitching for Ogden Raptors : RHP Nick Vigh
Batting: RHB Pat Scaturro 0-0: Foul Ball, location: 2F
0-1: Ball
1-1: Foul Ball, location: 2F
1-2: Ball
2-2: Ball
3-2: Strikes out swinging
Pitching: RHP Bob Magana
Batting: RHB Josh Broome 0-0: Swinging Strike
0-1: Foul Ball, location: 2F
0-2: Ground out 6-3 (Groundball, 56D, EV 101.2 MPH)
Batting: RHB Vic Nelson 0-0: Ball
1-0: Called Strike
1-1: Fly out, F9 (Flyball, 9LM, EV 108.8 MPH)
Top of the 4th over - 0 runs, 0 hits, 0 errors, 0 left on base; Johnson City 13 - Ogden 3
BOTTOM OF THE 4TH
Ogden Raptors batting - Pitching for Johnson City Cardinals : RHP Danny Cook
Batting: LHB Mike Dickinson 0-0: Called Strike
0-1: Called Strike
0-2: Ground out 6-3 (Groundball, 6M, EV 83.8 MPH)
Batting: LHB Tore Bosch 0-0: Ground out 3-1 (Groundball, 34S, EV 84.4 MPH)
Batting: RHB Luis Hinostroza 0-0: Foul Ball, location: 2F
0-1: Ball
1-1: Ball
2-1: Ball
3-1: Base on Balls
Batting: RHB Junro Kato 0-0: Called Strike
0-1: Ball
1-1: Ball
Passed Ball!
Luis Hinostroza to second
2-1: SINGLE (Flyball, 9LS, EV 100.0 MPH)
Luis Hinostroza to third
Runner from 3rd tries for Home, throw by RF and OUT! 9-2
Bottom of the 4th over - 0 runs, 1 hit, 0 errors, 1 left on base; Johnson City 13 - Ogden 3
TOP OF THE 5TH
Johnson City Cardinals batting - Pitching for Ogden Raptors : RHP Bob Magana
Batting: RHB Brad Payne 0-0: DOUBLE (Groundball, 5L, EV 106.2 MPH)
Batting: RHB Austin Akers Balk!
Brad Payne to third
0-0: Called Strike
0-1: Reached via error on a dropped throw from 1B, E1 (Groundball, 34, EV 92.5 MPH)
Brad Payne scores
Batting: RHB Ray Souza 0-0: Called Strike
0-1: Ball
1-1: Called Strike
1-2: Ball
2-2: Ball
3-2: Base on Balls
Austin Akers to second
Batting: RHB Kyle Burns 0-0: Swinging Strike
0-1: Ball
1-1: Foul Ball, location: 2F
1-2: Strikes out swinging
Pitching: RHP Kevin Ezell
Batting: RHB Fortunato Fteira 0-0: Ball
1-0: Ball
2-0: Ball
3-0: Base on Balls
Austin Akers to third
Ray Souza to second
Batting: RHB Tim Cleary 0-0: Called Strike
0-1: Foul Ball, location: 2F
0-2: Strikes out swinging
Batting: RHB Pat Scaturro 0-0: SINGLE (Line Drive, 8RS, EV 94.4 MPH)
Austin Akers scores
Ray Souza to third
Fortunato Fteira to second
Runner from 3rd tries for Home, SAFE, throw by CF to home
Batting: RHB Josh Broome 0-0: Foul Ball, location: 2F
0-1: Ball
1-1: Swinging Strike
1-2: Foul Ball, location: 2F
1-2: Ground out 5-3 (Groundball, 56S, EV 91.9 MPH)
Top of the 5th over - 3 runs, 2 hits, 1 error, 2 left on base; Johnson City 16 - Ogden 3
BOTTOM OF THE 5TH
Ogden Raptors batting - Pitching for Johnson City Cardinals : RHP Danny Cook
Batting: RHB Matt Alderson 0-0: Ball
1-0: Fly out, F6 (Popup, 56, EV 55.6 MPH)
Batting: SHB Josh Vaill 0-0: Ball
1-0: Ball
2-0: Called Strike
2-1: Ground out 6-3 (Groundball, 56, EV 84.4 MPH)
Batting: SHB Darius Vinson 0-0: Swinging Strike
0-1: SINGLE (Groundball, 4MD, EV 106.2 MPH)
Batting: LHB Santiago Chavira 0-0: Called Strike
0-1: Ball
1-1: Ball
2-1: Called Strike
2-2: Ground out 4-3 (Groundball, 4, EV 81.2 MPH)
Bottom of the 5th over - 0 runs, 1 hit, 0 errors, 1 left on base; Johnson City 16 - Ogden 3
TOP OF THE 6TH
Johnson City Cardinals batting - Pitching for Ogden Raptors : RHP Kevin Ezell
Batting: RHB Vic Nelson 0-0: SINGLE (Groundball, 56D, EV 95.0 MPH)
Batting: RHB Brad Payne 0-0: Ball
1-0: Swinging Strike
1-1: Ball
2-1: Ball
3-1: Base on Balls
Vic Nelson to second
Pitching: RHP Charles Blatchford
Batting: RHB Austin Akers 0-0: DOUBLE (Line Drive, 9LM, EV 106.9 MPH)
Vic Nelson scores
Brad Payne to third
Batting: RHB Ray Souza 0-0: Ball
1-0: Ball
2-0: SINGLE (Flyball, 7LS, EV 95.6 MPH)
Brad Payne scores
Austin Akers to third
Runner from 3rd tries for Home, SAFE, throw by LF to home
Ray Souza to second
Batting: RHB Kyle Burns 0-0: SINGLE (Line Drive, 78S, EV 89.4 MPH)
Ray Souza to third
Batting: RHB Fortunato Fteira 0-0: Ball
1-0: Ball
2-0: Ball
3-0: Called Strike
3-1: Base on Balls
Kyle Burns to second
Batting: RHB Tim Cleary 0-0: Ball
Wild Pitch!
Ray Souza scores
Kyle Burns to third
Fortunato Fteira to second
1-0: Swinging Strike
1-1: Ball
2-1: Called Strike
2-2: Ground out 5-3 (Groundball, 56, EV 80.0 MPH)
Kyle Burns scores
Batting: RHB Pat Scaturro 0-0: Ball
1-0: Called Strike
1-1: Ground out 6-3 (Groundball, 6, EV 103.1 MPH)
Pitching: RHP Gary Ming
Batting: RHB Josh Broome 0-0: Called Strike
0-1: Ball
1-1: Ball
2-1: Swinging Strike
2-2: Ball
3-2: Base on Balls
Batting: RHB Vic Nelson 0-0: Reached on error, E3 (Groundball, 13, EV 84.4 MPH)
Fortunato Fteira to third
Josh Broome to second
Batting: RHB Brad Payne 0-0: Foul Ball, location: 2F
0-1: Fly out, F9 (Flyball, 9S, EV 86.9 MPH)
Top of the 6th over - 5 runs, 4 hits, 1 error, 3 left on base; Johnson City 21 - Ogden 3
BOTTOM OF THE 6TH
Ogden Raptors batting - Pitching for Johnson City Cardinals : RHP Danny Cook
Batting: LHB Mitchell Casey 0-0: DOUBLE (Line Drive, 78M, EV 88.8 MPH)
Batting: LHB Mike Dickinson 0-0: Ball
1-0: Ball
2-0: Ball
3-0: Called Strike
3-1: Swinging Strike
3-2: Base on Balls
Batting: LHB Tore Bosch 0-0: SINGLE (Groundball, 4D, EV 98.8 MPH)
Mitchell Casey to third
Mike Dickinson to second
Runner from 3rd tries for Home, SAFE, throw by RF to home
Batting: RHB Luis Hinostroza 0-0: Called Strike
0-1: Ball
1-1: Ball
2-1: Fly out, F3 (Popup, 23F, EV 84.4 MPH)
Batting: RHB Junro Kato 0-0: Called Strike
0-1: Fly out, F6 (Popup, 6D, EV 49.4 MPH)
Batting: RHB Matt Alderson 0-0: Ball
1-0: Ball
2-0: Ball
3-0: Base on Balls
Mike Dickinson to third
Tore Bosch to second
Batting: SHB Josh Vaill 0-0: SINGLE (Groundball, 34D, EV 99.4 MPH)
Mike Dickinson scores
Tore Bosch to third
Matt Alderson to second
Pitching: RHP Joe Cornell
Batting: SHB Darius Vinson 0-0: Called Strike
0-1: Ball
1-1: Ball
2-1: Foul Ball, location: 2F
2-2: Ball
3-2: Base on Balls
Tore Bosch scores
Matt Alderson to third
Josh Vaill to second
Batting: LHB Santiago Chavira 0-0: Called Strike
0-1: Foul Ball, location: 2F
0-2: SINGLE (Line Drive, 34, EV 109.4 MPH)
Matt Alderson scores
Josh Vaill to third
Darius Vinson to second
Runner from 3rd tries for Home, SAFE, throw by RF to home
Batting: LHB Mitchell Casey 0-0: Foul Ball, location: 2F
0-1: Fielders Choice at 2nd, U4 (Groundball, 4M, EV 104.4 MPH)
Bottom of the 6th over - 5 runs, 4 hits, 0 errors, 2 left on base; Johnson City 21 - Ogden 8
TOP OF THE 7TH
Johnson City Cardinals batting - Pitching for Ogden Raptors : RHP Gary Ming
Batting: RHB Austin Akers 0-0: Ball
1-0: Ball
2-0: Ball
3-0: Base on Balls
Batting: RHB Ray Souza Balk!
Austin Akers to second
0-0: Ball
1-0: Ball
2-0: Called Strike
2-1: Ball
3-1: Base on Balls
Batting: RHB Kyle Burns 0-0: Ball
1-0: Ball
2-0: Swinging Strike
2-1: Ball
3-1: Swinging Strike
3-2: Foul Ball, location: 2F
3-2: Strikes out swinging
Batting: RHB Fortunato Fteira 0-0: Ball
1-0: Called Strike
1-1: Ball
2-1: Ball
3-1: Swinging Strike
3-2: Base on Balls
Austin Akers to third
Ray Souza to second
Pinch Hitting: RHB Francisco de la Cruz 0-0: Swinging Strike
0-1: Called Strike
0-2: Ball
1-2: Strikes out looking
Batting: RHB Pat Scaturro 0-0: Ball
1-0: Ball
2-0: Ball
3-0: Swinging Strike
3-1: Base on Balls
Austin Akers scores
Ray Souza to third
Fortunato Fteira to second
Batting: RHB Josh Broome 0-0: Ball
1-0: Ball
2-0: Foul Ball, location: 2F
2-1: DOUBLE (Flyball, 8RXD, EV 100.6 MPH)
Ray Souza scores
Fortunato Fteira scores
Pat Scaturro to third
Runner from 3rd tries for Home, SAFE, throw by CF to home
Batting: RHB Vic Nelson 0-0: Ball
1-0: Ball
Balk!
Josh Broome to third
2-0: Foul Ball, location: 2F
2-1: Ball
3-1: Fly out, F3 (Line Drive, 3, EV 71.9 MPH)
Top of the 7th over - 4 runs, 1 hit, 0 errors, 1 left on base; Johnson City 25 - Ogden 8
BOTTOM OF THE 7TH
Ogden Raptors batting - Pitching for Johnson City Cardinals : RHP Joe Cornell
Now at 3B: Francisco de la Cruz
Batting: LHB Mike Dickinson 0-0: Ball
1-0: Ball
2-0: Called Strike
2-1: Called Strike
2-2: Foul Ball, location: 2F
2-2: Foul Ball, location: 2F
2-2: Foul Ball, location: 2F
2-2: Ball
3-2: Strikes out swinging
Batting: LHB Tore Bosch 0-0: SINGLE (Line Drive, 7S, EV 88.1 MPH)
Batting: RHB Luis Hinostroza 0-0: Swinging Strike
0-1: Swinging Strike
0-2: Foul Ball, location: 2F
0-2: Strikes out swinging
Batting: RHB Junro Kato 0-0: DOUBLE (Line Drive, 9LM, EV 93.8 MPH)
Tore Bosch to third
Batting: RHB Matt Alderson 0-0: Swinging Strike
0-1: Foul Ball, location: 2F
0-2: Ball
1-2: Strikes out swinging
Bottom of the 7th over - 0 runs, 2 hits, 0 errors, 2 left on base; Johnson City 25 - Ogden 8
TOP OF THE 8TH
Johnson City Cardinals batting - Pitching for Ogden Raptors : RHP Gary Ming
Batting: RHB Brad Payne 0-0: Ball
1-0: Foul Ball, location: 2F
1-1: Swinging Strike
1-2: Ball
2-2: Ball
3-2: Base on Balls
Batting: RHB Austin Akers 0-0: Called Strike
0-1: Foul Ball, location: 2F
0-2: TRIPLE (Flyball, 89XD, EV 101.2 MPH)
Brad Payne scores
Batting: RHB Ray Souza 0-0: SINGLE (Groundball, 56D, EV 109.4 MPH)
Austin Akers scores
Batting: RHB Kyle Burns 0-0: Fly out, F7 (Flyball, 7, EV 84.4 MPH)
Batting: RHB Fortunato Fteira 0-0: Ball
1-0: Foul Ball, location: 2F
1-1: Ball
2-1: Ball
3-1: Base on Balls
Ray Souza to second
Batting: RHB Francisco de la Cruz 0-0: Grounds into double play, 5-4-3 (Groundball, 56S, EV 88.1 MPH)
Top of the 8th over - 2 runs, 2 hits, 0 errors, 1 left on base; Johnson City 27 - Ogden 8
BOTTOM OF THE 8TH
Ogden Raptors batting - Pitching for Johnson City Cardinals : RHP Joe Cornell
Batting: SHB Josh Vaill 0-0: Ball
1-0: Foul Ball, location: 2F
1-1: Called Strike
1-2: Ball
2-2: Ball
3-2: Strikes out swinging, 2-3 out at first.
Pitching: RHP Ray Strehler
Batting: SHB Darius Vinson 0-0: Called Strike
0-1: Ball
1-1: Called Strike
1-2: Strikes out swinging
Batting: LHB Santiago Chavira 0-0: Called Strike
0-1: DOUBLE (Flyball, 78XD, EV 110.0 MPH)
Batting: LHB Mitchell Casey 0-0: Called Strike
0-1: Swinging Strike
0-2: Ball
1-2: Strikes out swinging
Bottom of the 8th over - 0 runs, 1 hit, 0 errors, 1 left on base; Johnson City 27 - Ogden 8
TOP OF THE 9TH
Johnson City Cardinals batting - Pitching for Ogden Raptors : RHP Gary Ming
Batting: RHB Pat Scaturro 0-0: Ball
1-0: Ball
2-0: Foul Ball, location: 2F
2-1: Ball
3-1: Base on Balls
Batting: RHB Josh Broome 0-0: Ball
1-0: SINGLE (Flyball, 8LS, EV 96.2 MPH)
Pat Scaturro to second
Batting: RHB Vic Nelson 0-0: SINGLE (Line Drive, 6D, EV 96.9 MPH)
Pat Scaturro to third
Josh Broome to second
Batting: RHB Brad Payne 0-0: Foul Ball, location: 2F
0-1: GRAND SLAM HOME RUN (Flyball, 7D, EV 101.9 MPH), Distance : 393 ft
Batting: RHB Austin Akers 0-0: Ball
1-0: Ball
2-0: SINGLE (Groundball, 56D, EV 76.9 MPH) (infield hit)
Batting: RHB Ray Souza 0-0: Ball
1-0: SINGLE (Groundball, 6MD, EV 103.8 MPH)
Austin Akers to second
Batting: RHB Kyle Burns 0-0: Ball
1-0: Ball
2-0: Ball
3-0: Base on Balls
Austin Akers to third
Ray Souza to second
Batting: RHB Fortunato Fteira 0-0: Ball
1-0: Ball
2-0: Called Strike
2-1: Ball
3-1: Called Strike
3-2: Foul Ball, location: 2F
3-2: Base on Balls
Austin Akers scores
Ray Souza to third
Kyle Burns to second
Batting: RHB Francisco de la Cruz 0-0: SINGLE (Groundball, 6D, EV 99.4 MPH)
Ray Souza scores
Kyle Burns to third
Fortunato Fteira to second
Runner from 3rd tries for Home, SAFE, throw by CF to home
Batting: RHB Pat Scaturro 0-0: Called Strike
0-1: Ball
1-1: Ball
2-1: Ball
3-1: Base on Balls
Fortunato Fteira to third
Francisco de la Cruz to second
Batting: RHB Josh Broome 0-0: Ball
1-0: Ball
2-0: Foul Ball, location: 2F
2-1: Foul Ball, location: 2F
2-2: Strikes out swinging
Batting: RHB Vic Nelson 0-0: Fly out, F8 (Flyball, 8RD, EV 91.2 MPH)
Runner from 3rd tags up, SCORES, no throw by CF
Batting: RHB Brad Payne 0-0: Fly out, F8 (Flyball, 78XD, EV 98.1 MPH)
Top of the 9th over - 8 runs, 6 hits, 0 errors, 2 left on base; Johnson City 35 - Ogden 8
BOTTOM OF THE 9TH
Ogden Raptors batting - Pitching for Johnson City Cardinals : RHP Ray Strehler
Batting: LHB Mike Dickinson 0-0: SINGLE (Groundball, 6MD, EV 102.5 MPH)
Batting: LHB Tore Bosch 0-0: Called Strike
0-1: Foul Ball, location: 2F
0-2: Strikes out swinging
Batting: RHB Luis Hinostroza 0-0: Foul Ball, location: 2F
0-1: Foul Ball, location: 2F
0-2: Ball
1-2: Strikes out looking
Batting: RHB Junro Kato 0-0: Ball
Wild Pitch!
Mike Dickinson to second
1-0: Ball
2-0: Fly out, F7 (Flyball, 7D, EV 105.6 MPH)
Bottom of the 9th over - 0 runs, 1 hit, 0 errors, 1 left on base; Johnson City 35 - Ogden 8
Thursday, March 31st , 2022 - OOTP Baseball 22.12 Build 89